Map: Cyber Forest LE

Players

Norpix

  • Race: Zerg Zerg
  • League: Diamond
  • Spawn Location: 11:00

KrOT - Winner!

  • Race: Terran Terran
  • League: Diamond
  • Spawn Location: 5:00

VOD

Have the link to the VOD?

Description

Time

  • Played on: Feb. 20, 2019, 10:53 a.m.
  • Length: 17:45
Show
View Real Time Build Order
Export as new Build Order

Norpix Zerg 

Build Orders: Hatch First, Lurkers 

Get SALT Encoding   

  12  0:01  Drone  
  13  0:12  Overlord  
  13  0:16  Drone  
  14  0:31  Drone x2  
  14  0:34  Drone  
  17  0:54  Hatchery  
  17  0:56  Drone  
  17  1:00  Drone  
  18  1:11  Extractor  
  17  1:17  Spawning Pool  
  16  1:20  Drone  
  16  1:23  Drone  
  18  1:28  Drone  
  19  1:39  Overlord  
  19  1:50  Drone  
  20  2:04  Queen  
  20  2:05  Zergling x2  
  20  2:06  Queen  
  20  2:08  Zergling x2  
  26  2:13  Drone  
  27  2:16  Metabolic Boost  
  27  2:20  Drone  
  28  2:23  Drone  
  29  2:38  Drone x2  
  29  2:40  Overlord  
  31  2:58  Overlord x2  
  31  3:01  Drone x2  
  34  3:12  Drone x2  
  34  3:13  Drone x2  
  36  3:26  Roach Warren  
  34  3:30  Hatchery, Drone x3  
  34  3:32  Drone  
  37  3:34  Drone  
  37  3:37  Drone  
  39  3:43  Queen  
  41  3:55  Drone x2  
  41  3:56  Drone x3, Extractor x2  
  41  3:57  Drone  
  41  3:58  Drone  
  41  4:00  Drone  
  47  4:09  Lair  
  47  4:16  Baneling Nest  
  46  4:19  Drone  
  47  4:33  Roach x2  
  47  4:36  Overlord x2  
  47  4:37  Overlord  
  52  4:38  Zergling x2  
  52  4:54  Drone x4  
  52  4:55  Drone x6  
  62  5:04  Drone  
  62  5:05  Drone x4  
  67  5:08  Glial Reconstitution  
  67  5:10  Centrifical Hooks  
  67  5:14  Baneling x2  
  67  5:15  Roach x2  
  71  5:23  Drone x2, Extractor  
  71  5:24  Drone x3, Extractor  
  71  5:26  Overlord  
  74  5:33  Roach  
  76  5:45  Overseer  
  76  5:48  Zergling x14  
  76  5:49  Zergling x2  
  84  5:56  Overlord x3  
  84  5:57  Overlord  
  83  6:09  Baneling x2  
  83  6:17  Zergling x14  
  73  6:31  Zergling x22  
  73  6:32  Hatchery  
  81  6:36  Baneling x6  
  80  6:40  Zergling x4  
  83  6:54  Zergling x4  
  67  7:10  Zergling x12  
  70  7:23  Zergling x4  
  71  7:43  Zergling x2  
  72  7:45  Zergling x2  
  72  7:46  Zergling x2  
  72  7:47  Zergling x2  
  72  7:49  Baneling  
  72  7:50  Baneling x3  
  75  7:54  Hatchery, Drone x4  
  78  7:59  Extractor x2  
  76  8:05  Queen  
  76  8:11  Extractor  
  77  8:16  Hydralisk Den  
  73  8:47  Hydralisk  
  73  8:48  Hydralisk x14  
  101  9:05  Infestation Pit  
  101  9:09  Nydus Network  
  99  9:11  Lurker Den  
  99  9:14  Grooved Spines  
  99  9:15  Hydralisk x4  
  99  9:16  Evolution Chamber  
  105  9:17  Evolution Chamber  
  104  9:32  Roach x4  
  104  9:33  Zergling x8  
  85  9:56  Zergling x20  
  85  9:57  Zergling x2  
  88  10:02  Queen  
  87  10:07  Zergling x6  
  87  10:11  Drone x3  
  80  10:24  Nydus Canal  
  80  10:26  Muscular Augments  
  80  10:29  Drone x6  
  60  11:13  Drone x11  
  60  11:14  Drone  
  55  11:25  Lair  
  49  11:30  Zergling x4  
  49  11:31  Zergling x4  
  51  11:36  Spore Crawler, Spine Crawler  
  49  11:42  Hydralisk  
  49  11:43  Hydralisk x2  
  55  11:57  Hydralisk x2  
  55  11:58  Hydralisk x6  
  61  12:25  Lurker x5  
  66  12:39  Queen  
  66  12:40  Spawning Pool, Extractor  
  66  12:47  Baneling Nest  
  62  13:03  Spore Crawler  
  58  13:17  Drone x16  
  74  13:34  Hatchery  
  74  13:36  Hydralisk Den  
  74  13:38  Infestation Pit  
  71  13:42  Drone x5  
  71  13:43  Drone x3  
  79  14:06  Spore Crawler  
  78  14:14  Hive  
  78  14:18  Hydralisk x2  
  78  14:24  Overlord x7  
  82  14:25  Overlord  
  79  14:43  Zergling x22  
  69  14:59  Queen  
  55  15:02  Baneling x6  
  55  15:03  Baneling x2  
  53  15:09  Hydralisk x7  
  66  15:26  Zergling x2  
  66  15:27  Zergling x6  
  39  15:44  Zergling x4  
  39  15:45  Zergling x14  
  37  15:57  Queen  
  36  16:09  Zergling x10  
  36  16:10  Zergling x6  
  16  16:33  Drone x4  
  16  16:34  Drone x2  
  20  16:41  Queen  
  22  16:54  Drone x4  
  22  16:55  Drone x2  
  28  17:09  Ultralisk Cavern  
  27  17:17  Drone x11  
  38  17:23  Hatchery  
  38  17:27  Drone x2  
  38  17:29  Extractor  
  33  17:44  Extractor  
Show
View Real Time Build Order
Export as new Build Order

KrOT Terran - Winner!

Build Orders:  

Get SALT Encoding   

  12  0:01  SCV  
  13  0:13  Supply Depot  
  13  0:17  SCV  
  14  0:29  SCV  
  15  0:36  Barracks  
  15  0:42  Refinery  
  15  0:45  SCV  
  16  0:58  SCV  
  17  1:10  SCV  
  18  1:23  Orbital Command, Marine  
  19  1:47  Command Center  
  19  1:50  Barracks Reactor  
  20  1:54  SCV  
  20  2:06  Factory  
  21  2:08  SCV  
  21  2:16  Supply Depot  
  21  2:20  SCV  
  22  2:30  Barracks  
  22  2:34  Marine  
  23  2:37  Marine  
  23  2:38  SCV  
  25  2:50  SCV  
  26  2:51  Factory Tech Lab  
  26  2:52  Marine  
  26  2:55  Marine  
  27  3:00  Orbital Command  
  26  3:10  Marine  
  25  3:13  Marine  
  25  3:17  Siege Tank  
  25  3:18  SCV  
  30  3:22  Barracks Tech Lab  
  30  3:27  Refinery  
  30  3:31  SCV  
  30  3:33  Marine  
  32  3:38  SCV  
  33  3:44  Combat Shield  
  33  3:47  SCV  
  34  3:50  SCV  
  34  3:53  Marine  
  36  3:59  SCV  
  36  4:02  SCV  
  38  4:05  Supply Depot  
  38  4:07  Marine  
  38  4:08  Marine  
  40  4:11  SCV  
  40  4:12  Siege Tank  
  40  4:14  SCV  
  45  4:23  SCV  
  46  4:26  Marine  
  46  4:27  SCV  
  46  4:30  Supply Depot  
  48  4:35  SCV  
  48  4:36  Supply Depot  
  48  4:38  Marine x2  
  49  4:39  SCV  
  52  4:47  SCV  
  52  4:49  Marine  
  52  4:52  Siege Tank, SCV  
  58  4:58  Marine  
  58  4:59  Marine  
  61  5:00  SCV  
  61  5:04  Supply Depot, SCV  
  62  5:07  Marine  
  62  5:09  Stimpack  
  62  5:12  SCV  
  64  5:16  SCV  
  65  5:21  Marine  
  65  5:22  Command Center  
  65  5:23  Marine  
  65  5:24  SCV  
  68  5:28  SCV  
  68  5:29  Marine  
  68  5:32  Supply Depot  
  68  5:35  Supply Depot  
  70  5:36  SCV  
  70  5:39  Marine  
  70  5:40  SCV  
  70  5:42  Siege Tank  
  76  5:48  SCV  
  77  5:52  Barracks  
  77  5:53  Barracks  
  77  5:54  Marine x2  
  77  5:56  Barracks x2  
  79  5:58  SCV  
  79  6:02  Marine  
  79  6:03  Starport  
  75  6:39  Marine x3  
  76  6:41  Siege Tank  
  76  6:45  Orbital Command  
  81  6:57  Marine  
  81  6:58  Marine  
  85  7:01  Refinery, Barracks Reactor  
  85  7:04  Refinery, Barracks Reactor  
  85  7:06  Barracks Tech Lab  
  85  7:07  Barracks Tech Lab  
  71  7:09  Starport Reactor  
  71  7:13  Widow Mine  
  73  7:20  Marine x2  
  73  7:22  Marine  
  76  7:29  Orbital Command  
  70  7:38  Marine x2  
  70  7:43  Engineering Bay  
  71  7:44  Marine x5  
  71  7:45  Marine x2  
  71  7:46  Widow Mine, Engineering Bay  
  71  7:47  Medivac  
  71  7:48  Medivac  
  84  7:54  Supply Depot  
  84  7:55  Supply Depot x2  
  84  8:03  Marauder  
  86  8:05  Marine  
  86  8:06  Marine x3  
  86  8:07  Marine x3  
  86  8:08  Marauder, Widow Mine  
  86  8:12  SCV x2  
  99  8:14  SCV  
  99  8:19  Supply Depot  
  100  8:21  Medivac x2  
  100  8:23  Marine x2  
  100  8:24  Marauder, SCV, Marine x3  
  100  8:25  Marauder, Marine  
  115  8:29  Marauder, Widow Mine  
  115  8:31  SCV x2  
  121  8:41  Marine x3  
  121  8:42  Marine x3  
  121  8:46  Marauder  
  121  8:47  Marauder  
  130  8:50  Widow Mine, Marine  
  130  8:54  Terran Infantry Armor Level 1  
  133  8:56  Terran Infantry Weapons Level 1  
  133  8:59  Marine x3  
  133  9:00  Marine x3  
  139  9:07  Marauder  
  141  9:33  Supply Depot  
  141  9:34  Supply Depot x2  
  141  9:42  Marine  
  141  9:48  Widow Mine, Marine  
  141  9:50  Marine x2  
  141  9:51  Marine x4  
  141  9:52  Marauder  
  118  10:00  Marauder  
  118  10:05  Marine  
  119  10:08  Marine x2  
  119  10:09  Marauder, Marine x3  
  119  10:10  Widow Mine  
  119  10:13  Marauder  
  129  10:17  Medivac x2  
  129  10:21  Marine  
  131  10:23  Marine  
  131  10:24  Command Center  
  131  10:26  Marine x4  
  131  10:27  Marine  
  138  10:31  Marauder, Widow Mine  
  138  10:34  Marauder  
  144  10:38  Supply Depot  
  144  10:39  Supply Depot, Marine  
  144  10:40  Supply Depot  
  146  10:44  Marine x3  
  150  10:52  Widow Mine  
  134  11:14  Widow Mine  
  125  11:26  Marine x3  
  125  11:27  Marine x2  
  125  11:32  Barracks  
  130  11:35  Widow Mine, Barracks  
  130  11:38  Barracks  
  132  11:44  Marine x2  
  132  11:45  Marauder  
  136  11:47  Marine  
  136  11:48  Marine  
  138  11:56  Widow Mine  
  138  11:58  Armory  
  140  12:02  Marine x2  
  140  12:05  Marine  
  140  12:06  Marauder x2  
  146  12:18  Widow Mine  
  146  12:19  Marine  
  146  12:20  Marine  
  148  12:24  Marauder  
  148  12:27  Marine x2  
  152  12:31  Barracks Tech Lab, Barracks Reactor x2  
  152  12:37  Marine x2  
  154  12:44  Marine  
  154  12:45  Marauder, Marine  
  157  12:55  Marine x2  
  158  13:00  Marine  
  158  13:02  Marine x2  
  158  13:03  Widow Mine  
  158  13:05  Terran Infantry Weapons Level 2, Terran Infantry Armor Level 2  
  160  13:07  Marauder  
  154  13:13  Marine x2  
  154  13:17  Marine  
  155  13:20  Marine x2  
  155  13:22  Planetary Fortress  
  155  13:24  Widow Mine  
  155  13:25  SCV x2  
  161  13:27  Marine x3  
  161  13:28  Marine x2  
  161  13:31  Marine x2  
  168  13:36  Marauder  
  168  13:37  Concussive Shells  
  168  13:38  Marine  
  168  13:39  Marauder  
  173  13:45  Marine x5  
  178  13:48  Marine  
  178  13:49  Marine  
  178  13:54  Siege Tank  
  183  13:56  Refinery, Marauder  
  183  13:57  Marine  
  183  13:58  Refinery  
  186  14:24  Marine x2  
  186  14:25  Sensor Tower, Marine x3  
  186  14:26  Siege Tank, Marauder  
  144  14:58  Marine x2  
  144  14:59  Marine  
  144  15:00  Marine x6  
  144  15:01  Marine  
  152  15:10  Drilling Claws  
  150  15:16  Marine x2  
  150  15:17  Marine x2  
  150  15:18  Starport  
  154  15:22  Starport  
  154  15:26  Marine x2  
  126  16:01  Marine x6  
  126  16:02  Marine x4  
  124  16:18  Marine  
  124  16:19  Marine x9  
  124  16:21  Siege Tank  
  132  16:36  Marine x2  
  132  16:37  Marine x5  
  132  16:38  Marauder x3  
  140  16:44  Medivac x2  
  144  16:53  Siege Tank  
  147  16:54  Marine x3  
  147  16:55  Marine x3  
  147  16:56  Marauder  
  147  16:59  Marauder, Marine x2  
  159  17:12  Marine x3  
  159  17:13  Marine x3  
  159  17:14  Medivac x2  
  169  17:16  Barracks, Marine  
  169  17:17  Marauder x2  
  169  17:18  Barracks  
  169  17:20  Marauder  
  179  17:37  Command Center  
Tags
 
Composition
Lurkers
Matchup
TvZ
Spawn Locations
Cross Positions
Add a new tag
Caveats
  • Supply blocks, unpowered buildings, or Contaminate may cause inaccurate times.
  • Supply counts are checked every 10 seconds.